 Dungeon Crawl Stone Soup version 0.30.0-19-g36f170ea60 (webtiles) character file.

Game seed: 1623291344112488112

332 cheesebisquit the Grave Robber (level 6, 0/45 HPs)
             Began as a Hill Orc Necromancer on May 31, 2023.
             Frozen to death by an endoplasm (4 damage)
             ... on level 4 of the Dungeon.
             The game lasted 00:13:58 (4234 turns).

cheesebisquit the Grave Robber (HONe)               Turns: 4234, Time: 00:13:58

Health: 0/45       AC:  4    Str: 11    XL:     6   Next: 52%
Magic:  11/11      EV: 11    Int: 17    God:
Gold:   95         SH:  0    Dex: 11    Spells: 4/12 levels left

rFire   . . .        m - +4 dagger (flame)
rCold   . . .        (no shield)
rNeg    . . .        g - +0 leather armour {Will+}
rPois   .            j - +0 helmet
rElec   .            (no cloak)
rCorr   .            (no gloves)
SInv    .            (no boots)
Will    .....        (no amulet)
Stlth   +            (no ring)
HPRegen 0.27/turn    (no ring)
MPRegen 0.12/turn

%: no passive effects
@: weak-willed
A: no striking features
a: no special abilities


You were on level 4 of the Dungeon.
You visited 1 branch of the dungeon, and saw 4 of its levels.
You also visited: Sewer.

You collected 95 gold pieces.

Inventory:

Hand Weapons
 a - a +0 hand axe
 m - a +4 dagger of flaming (weapon)
Armour
 g - a +0 leather armour of willpower (worn)
 j - a +0 helmet (worn)
Wands
 s - a wand of polymorph (5)
Potions
 b - a potion of magic
 c - a potion of berserk rage
 f - a potion of ambrosia {unknown}
 h - a potion of brilliance
 l - 2 potions of mutation
 n - a potion of attraction {unknown}
 o - a potion of lignification {unknown}


   Skills:
 - Level 1.5 Dodging
 - Level 1.5 Stealth
 + Level 3.7 Spellcasting
 + Level 6.1 Necromancy


You had 4 spell levels left.
You knew the following spells:

 Your Spells              Type           Power      Damage    Failure   Level
a - Necrotise             Necr           92%        1d8       1%          1
b - Vampiric Draining     Necr           23%        2d7       5%          3
c - Animate Dead          Necr           23%        N/A       17%         4

Your spell library contained the following spells:

 Spells                   Type           Power      Damage    Failure   Level
 Call Canine Familiar     Summ           3%         N/A       54%         3
 Portal Projectile        Hex/Tloc       6%         N/A       54%         3
 Leda's Liquefaction      Hex/Erth       1%         N/A       91%         4
 Agony                    Necr           23%        N/A       43%         5


Dungeon Overview and Level Annotations

Branches:
Dungeon (4/15)             Temple (0/1) D:4           Sewer (visited)

Altars:
Ashenzari
Zin

Shops:
D:4 (

Portals:
Abyss: D:3

Annotations:
D:3 2 transporters, Fodor's ghost, amateur MiFi; Grinder
D:4 Natasha


Message History

The sleepcap attacks as you move away! The sleepcap misses you.
Your surroundings suddenly seem different.
A goblin, an iguana and a scorpion come into view.
Found a scroll of blinking.
The iguana hisses angrily.
Okay, then.
As you read the scroll of fog, it crumbles to dust.
The scroll dissolves into smoke.
The cerulean imp hits you but does no damage.
The giant cockroach bites you but does no damage.
The goblin shouts!
The endoplasm jiggles.
The giant cockroach bites you but does no damage.
The endoplasm attacks as you move away! The endoplasm closely misses you.
The endoplasm attacks as you move away! The endoplasm closely misses you.
The giant cockroach attacks as you move away!
The giant cockroach bites you.
* * * LOW HITPOINT WARNING * * *
A kobold comes into view. It is wielding a +0 dagger.
Found 5 gold pieces.
The giant cockroach bites you but does no damage.
The cerulean imp hits you from afar with a +2 spear.
* * * LOW HITPOINT WARNING * * *
The giant cockroach attacks as you move away!
The giant cockroach barely misses you. The endoplasm attacks as you move away!
The endoplasm barely misses you. The kobold attacks as you move away!
The kobold hits you with a +0 dagger.
* * * LOW HITPOINT WARNING * * *
The kobold throws a stone.
The stone hits you but does no damage. The endoplasm attacks as you move away!
The endoplasm hits you.
* * * LOW HITPOINT WARNING * * *
The endoplasm attacks as you move away! The endoplasm closely misses you.
The endoplasm attacks as you move away! The endoplasm barely misses you.
The kobold throws a stone.
The stone hits you.
* * * LOW HITPOINT WARNING * * *
The endoplasm attacks as you move away! The endoplasm closely misses you.
There is an escape hatch in the ceiling here.
The endoplasm freezes you.
You are frozen.
You die...

..§§§§§#.......# #..†......#,***
####§§....#....# ##........#,,,**
**###§....###.#####.........,,,,*
,,#........##.#.......>.....,*,**
⌠,#...#....##............†..****
,,+..##gf...................*
⌠,#..#.....#............#...*
,,#....l.###........#...#...*
**#.#..g###.<.##@.>.#......#*
,..###..###..##J........>#.*
..#**#...#...Bs.....#...##*#
###..#..###.l...........#
#......§...g##.....#..###
#.##....§...####.###..#*
,,,#.........#*..# *...#
*...............##**,,##*
*#....#..........,,,,,,,**


You could see a scorpion, an iguana, a gnoll, an endoplasm and a giant
cockroach.

Vanquished Creatures
  2 scorpions (D:4)
  Robin (D:3)
  5 adders
  4 gnolls
  3 river rats (Sewer)
  A worm (D:2)
  2 dart slugs
  4 orcs (D:3)
  9 ball pythons
  2 endoplasms
  A giant cockroach (D:2)
  14 goblins
  6 hobgoblins
  5 quokkas
  4 bats
  8 frilled lizards
  2 kobolds
  15 rats
88 creatures vanquished.

Vanquished Creatures (collateral kills)
  A goblin (D:3)
  A ball python (Sewer)
2 creatures vanquished.

Vanquished Creatures (others)
  A hobgoblin (D:3)
1 creature vanquished.

Grand Total: 91 creatures vanquished

Notes
Turn   | Place    | Note
-------+----------+-------------------------------------------
     0 | D:1      | cheesebisquit the Hill Orc Necromancer began the quest for
                  | the Orb.
     0 | D:1      | Reached XP level 1. HP: 14/14 MP: 3/3
   156 | D:1      | Reached XP level 2. HP: 20/20 MP: 0/4
   749 | D:1      | Reached XP level 3. HP: 26/26 MP: 1/6
   928 | D:2      | Learned a level 3 spell: Vampiric Draining
  1012 | D:2      | Found a broken altar of Ashenzari.
  1366 | D:2      | Reached XP level 4. HP: 33/33 MP: 2/7
  1889 | D:3      | Noticed Grinder
  1956 | D:3      | Reached skill level 5 in Necromancy
  1956 | D:3      | Noticed Robin
  1974 | D:3      | Killed Robin
  2133 | D:3      | Reached XP level 5. HP: 34/38 MP: 0/9
  2599 | D:3      | Learned a level 4 spell: Animate Dead
  2676 | D:3      | Noticed a small abomination
  2683 | D:3      | Noticed a small abomination
  2791 | D:3      | Found a transporter.
  2802 | D:3      | Found a one-way gate to the infinite horrors of the Abyss.
  2802 | D:3      | Noticed Fodor's ghost (amateur MiFi)
  2806 | D:3      | Found a transporter.
  2858 | D:3      | Found a glowing silver altar of Zin.
  3154 | D:4      | Found Ofropomn's Antique Weapon Emporium.
  3376 | D:4      | HP: 1/38 [scorpion (6)]
  3381 | D:4      | Reached XP level 6. HP: 12/45 MP: 3/11
  3401 | D:4      | Found a glowing drain.
  3433 | D:4      | HP: 1/45 [sleepcap (6)]
  3436 | Sewer    | Entered a sewer
  3701 | Sewer    | Reached skill level 6 in Necromancy
  4198 | D:4      | Noticed Natasha
  4198 | D:4      | Noticed a black bear
  4234 | D:4      | Frozen to death by an endoplasm

Illustrated notes

Levels and vault maps discovered:
D:1:      dpeg_arrival_water_temple_mockup, layout_rooms, st_stairs_9,
          minmay_misc_feat_cross, minmay_octomino_c4
D:2:      layout_basic, basic_altar
D:3:      layout_basic, minmay_overflow_temple_star_hex,
          gammafunk_ghost_abyssal_escape, minmay_splitting_lines, uniq_grinder,
          uniq_robin
D:4:      layout_cave_pools, led_sif_pool, minmay_temple_entry_hall,
          serial_shops, shop, cheibrodos_sewer_entry_drain, uniq_duvessa,
          uniq_natasha, uniq_ijyb

Skill      XL: |  1  2  3  4  5  6 |
---------------+-------------------+-----
Spellcasting   | 2 3 |  3.7
Necromancy     | 5 6 |  6.1
Dodging        | |  1.5
Stealth        | |  1.5

Action                     |  1- 3 |  4- 6 || total
---------------------------+-------+-------++-------
  Melee: Dagger            |    13 |     6 ||    19
         Hand axe          |     2 |       ||     2
   Cast: Necrotise         |    61 |   129 ||   190
    Use: Potion            |       |     7 ||     7
         Scroll            |       |    13 ||    13
 Armour: Leather armour    |     7 |    15 ||    22
  Dodge: Dodged            |    11 |    46 ||    57
